 Dungeon Crawl Stone Soup version 0.32-a0-12-g7fc57aa741 (webtiles) character file.

Game seed: 14472966082637938161

295 Hellonello the Ruffian (level 6, -7/38 HPs)
             Began as an Octopode Shapeshifter on Jan 14, 2024.
             Mangled by an ogre
             ... wielding a +0 giant spiked club
              (22 damage)
             ... on level 3 of the Dungeon.
             The game lasted 00:07:34 (2250 turns).

Hellonello the Ruffian (Octopode Shapeshifter)      Turns: 2250, Time: 00:07:34

Health: -7/38      AC:  1    Str: 14    XL:     6   Next: 34%
Magic:  6/6        EV: 14    Int: 12    God:
Gold:   134        SH:  0    Dex: 13    Spells: 5/5 levels left

rFire   . .          .
                       - Unarmed
rCold   . . .        (no shield)
rNeg    . . .        (helmet currently unavailable)
rPois   .            (no amulet)
rElec   .            (no ring)
rCorr   .            (no ring)
SInv    .            (no ring)
Will    .....        (no ring)
Stlth   ++           (no ring)
HPRegen 0.26/turn    (no ring)
MPRegen 0.10/turn    (no ring)
                     (no ring)

%: no passive effects
@: beast-form
A: beast (slay +1), almost no armour, amphibious, 8 rings, camouflage 1,
gelatinous body 1, (nimble swimmer 1), tentacles
a: Begin Untransformation


You were on level 3 of the Dungeon.
You were a hulking beast.
You visited 1 branch of the dungeon, and saw 4 of its levels.

You collected 134 gold pieces.

Inventory:

Jewellery
 p - a +4 ring of protection
Talismans
 b - a beast talisman
 c - a flux talisman
 i - a blade talisman
Wands
 m - a wand of quicksilver (7)
Scrolls
 e - 3 scrolls of identify
 f - 2 scrolls of immolation
 j - a scroll of blinking
 q - a scroll of fear
Potions
 a - 2 potions of lignification
 d - a potion of degeneration
 g - 2 potions of heal wounds
 h - 2 potions of haste


   Skills:
 - Level 1.0 Fighting
 + Level 4.7 Dodging
 + Level 5.3 Unarmed Combat
 - Level 3.0 Shapeshifting


You had 5 spell levels left.
You didn't know any spells.
Your spell library contained the following spells:

 Spells                   Type           Power      Damage    Failure   Level
 Kiss of Death            Conj/Necr      0%         2d5       32%         1
 Confusing Touch          Hex            0%         N/A       69%         3
 Dispel Undead            Necr           0%         3d6       97%         4
 Iskenderun's Battlesphe  Conj           0%         2d6       100%        5
 Bombard                  Conj/Erth      0%         9d1       100%        6
 Spellforged Servitor     Conj/Summ      0%         N/A       100%        7


Dungeon Overview and Level Annotations

Branches:
Dungeon (4/15)
 Temple: D:4-7

Altars:

Shops:
D:1 **?((


Innate Abilities, Weirdness & Mutations

You are a hulking beast.
Your limbs bulge with bestial killing power. (Slay +1)
You cannot wear most types of armour.
You are amphibious.
You can wear up to eight rings at the same time.
Your skin changes colour to match your surroundings (Stealth+).
Your rubbery body absorbs attacks. (AC +1, EV +1)
((You are camouflaged when in or above water. (Stealth+)))
You have tentacles for arms and can constrict up to eight enemies at once.


Message History

You see here 6 boomerangs.
Found a scroll of noise.
You see here a +0 dagger.
You see here a +0 dagger.
Done exploring.
Done exploring.
Okay, then.
Blink to where?
Press: ? - help, Dir - move target
As you read the scroll labelled RUGICWUTYE, it crumbles to dust.
It was a scroll of blinking.
The air fills with toxic fumes!
As you read the scroll labelled ZYUMIUKHLEWK, it crumbles to dust.
It was a scroll of poison.
As you read the scroll labelled AGREDD OFOGUUH, it crumbles to dust.
You feel strangely unstable.
It was a scroll of teleportation.
As you read the scroll labelled WET GIOTHRUHEAKH, it crumbles to dust.
It is a scroll of brand weapon.
You aren't carrying any weapons that can be branded.
As you read the scroll labelled ODYUL HIFRO, it dissolves into smoke.
It was a scroll of fog.
Your surroundings suddenly seem different.
What level of the Dungeon? (default 3, ? - help)
There is a stone staircase leading down here.
You climb downwards.
The ogre shouts!
The shadow imp shouts, "Taste defeat, thou rank clapper-clawed clack-dish!"
You hear a shout!
There is a stone staircase leading up here.
There are monsters nearby!
The shadow imp hits you.
The ogre hits you with a +0 giant spiked club!!
Ouch! That really hurt!
You climb upwards.
There is a stone staircase leading down here.
The shadow imp barely misses you. The ogre attacks as it pursues you!
The ogre hits you with a +0 giant spiked club!!
Ouch! That really hurt!
You die...

#.# #...............#.##.####.#
#.# ##########......#..).......
#.# ######...........####.#
#.#### #........##.####.# #.#
#.##.#####.#####......# #.# #.#
#.#.................[.# #.# #.#
#.##.#####.|##....#.#.###.####.#
#......# #>.##..................
#......# #..5.Oh..#.#.##########
##..?...# #.####.......#
###.....# #.####...#.#.#
........# #........#.#.##
#######.# ######..##....## # #.#
#..##)#.#.######## #.#
#..#.)#.##.#...... #.#
##.....)......#####
#.#######......#.##...#


You could see an ogre and a shadow imp.

Vanquished Creatures
  Sigmund (D:2)
  A scorpion (D:2)
  4 adders
  2 dart slugs
  A ribbon worm (D:2)
  5 ball pythons
  3 bats
  5 endoplasms
  A giant cockroach (D:2)
  5 goblins
  5 hobgoblins (D:2)
  5 kobolds
  2 quokkas
  4 frilled lizards
  4 rats
48 creatures vanquished.

Notes
Turn   | Place    | Note
-------+----------+-------------------------------------------
     0 | D:1      | Hellonello the Octopode Shapeshifter began the quest for
                  | the Orb.
     0 | D:1      | Reached XP level 1. HP: 13/13 MP: 1/1
    25 | D:1      | Found Gyniliz's Magic Scroll Boutique.
   116 | D:1      | Found Amov's Assorted Antiques.
   118 | D:1      | Reached XP level 2. HP: 18/18 MP: 2/2
   306 | D:1      | Found a transporter.
   310 | D:1      | Found Zaddug's General Store.
   312 | D:1      | Found a transporter.
   399 | D:1      | Found Nimuth's Weapon Shop.
   611 | D:1      | Found Irphonn's Weapon Shop.
   837 | D:2      | Reached XP level 3. HP: 23/23 MP: 3/3
  1335 | D:2      | Noticed Sigmund
  1336 | D:2      | Noticed a scorpion
  1340 | D:2      | Reached XP level 4. HP: 27/28 MP: 4/4
  1345 | D:2      | Killed a scorpion
  1346 | D:2      | Reached skill level 4 in Unarmed Combat
  1357 | D:2      | Killed Sigmund
  1358 | D:2      | Reached skill level 5 in Unarmed Combat
  1358 | D:2      | Reached XP level 5. HP: 20/33 MP: 5/5
  1358 | D:2      | Reached XP level 6. HP: 23/38 MP: 6/6
  2250 | D:3      | Mangled by an ogre

Illustrated notes

Levels and vault maps discovered:
D:1:      lightli_iron_boxes, layout_loops_ring, serial_shops,
          nicolae_shop_advertising_works [nicolae_subvault_shop_adworks], shop,
          shop, nicolae_shop_drivethru, shop
D:2:      layout_loops_ring, minmay_tripent, uniq_sigmund
D:3:      layout_loops_ring
D:4:      minmay_goblin_kobold_castle, layout_basic,
          minmay_temple_entry_mini_moons, st_stairs_4, uniq_robin,
          uniq_crazy_yiuf_cottage

Skill      XL: |  1  2  3  4 |
---------------+-------------+-----
Dodging        | 3 4 |  4.7
Unarmed Combat | 5 |  5.3
Fighting       | |  1.0
Shapeshifting  | |  3.0

Action                     |  1- 3 |  4- 6 || total
---------------------------+-------+-------++-------
  Melee: Unarmed           |    52 |    30 ||    82
         Tentacles         |    10 |     8 ||    18
         Constrict         |    12 |     8 ||    20
         Punch             |     1 |     1 ||     2
    Use: Scroll            |     4 |     8 ||    12
         Potion            |       |     1 ||     1
   Stab: Sleeping          |    11 |     5 ||    16
 Armour: Skin              |    15 |    12 ||    27
  Dodge: Dodged            |    20 |    20 ||    40

Table legend: (Time is in decaauts)
 A = Elapsed time spent in this place.
 B = Non-inter-level travel time spent in this place.
 C = Inter-level travel time spent in this place.
 D = Time resting spent in this place.
 E = Time spent auto-exploring this place.
 F = Levels seen in this place.
 G = Mean time per level.
                   A        B        C        D        E       F      G
               +--------+--------+--------+--------+--------+-----+--------+
         Total |   2224 |   2137 |     87 |     94 |   1631 |   4 |  556.0 |
       Dungeon |   2224 |   2137 |     87 |     94 |   1631 |   4 |  556.0 |
               +--------+--------+--------+--------+--------+-----+--------+

Top non-repeatable levels by time:
     D:2: 753 daAuts
     D:3: 739 daAuts
     D:1: 726 daAuts
     D:4: 6 daAuts
